 Dungeon Crawl Stone Soup version 0.18-a0-721-g8fc53f4 (webtiles) character file.

329 Raultor the Changer (level 6, 0/38 HPs)
             Began as an Octopode Transmuter on Dec 8, 2015.
             Slain by a phantom (6 damage)
             ... on level 4 of the Dungeon.
             The game lasted 00:13:06 (5000 turns).

Raultor the Changer (Octopode Transmuter)           Turns: 5000, Time: 00:13:06

Health: 0/38       AC:  1    Str: 10    XL:     6   Next: 51%
Magic:  9/9        EV: 12    Int: 16    God:
Gold:   210        SH:  0    Dex: 13    Spells: 2 memorised, 4 levels left

rFire  . . .     SeeInvis .       - Unarmed
rCold  . . .     Clarity  .     (no shield)
rNeg   . . .     SustAt   .     (helmet restricted)
rPois  .         Gourm    .     (no amulet)
rElec  .         Spirit   .     (no ring)
rCorr  .         Dismiss  .     (no ring)
rMut   .         Stasis   .     (no ring)
MR     .....                    (no ring)
Stlth  +++.......               (no ring)
                                (no ring)
                                (no ring)
                                (no ring)

@: not resistant to hostile enchantments, fairly stealthy
A: almost no armour, amphibious, 8 rings, constrict 8, camouflage 1, gelatinous
body 1
a: no special abilities


You were on level 4 of the Dungeon.
You were not hungry.

You visited 1 branch of the dungeon, and saw 4 of its levels.

You collected 210 gold pieces.

Inventory:

Missiles
 a - 38 arrows
 h - 6 curare-tipped needles
Wands
 p - a wand of fireball (11)
   (You found it on level 4 of the Dungeon)
Scrolls
 d - a scroll of blinking {unknown}
 e - 4 scrolls of remove curse {unknown}
 i - a scroll of enchant armour {unknown}
 r - 2 scrolls of identify {unknown}
 s - 2 scrolls of fear {unknown}
Potions
 f - 2 potions of agility {unknown}
 j - a potion of brilliance {unknown}
 m - a potion of resistance
 o - a potion of curing {unknown}
 q - a potion of berserk rage {unknown}
 t - 3 potions of might {unknown}
 u - a potion of cancellation {unknown}
 v - a potion of lignification {unknown}
Books
 b - a book of Changes
Comestibles
 c - 3 bread rations {@e1}
 g - 4 slices of pizza
 k - 4 fruits
 n - a meat ration {@e2}


   Skills:
 - Level 1.0 Fighting
 - Level 2.0 Dodging
 - Level 3.0 Unarmed Combat
 - Level 2.0 Spellcasting
 + Level 4.6 Transmutations
 + Level 4.6 Ice Magic


You had 4 spell levels left.
You knew the following spells:

 Your Spells              Type           Power        Failure   Level  Hunger
a - Beastly Appendage     Trmt           ###...       3%          1    #......
b - Ice Form              Ice/Trmt       ###.....     34%         4    #####..


Dungeon Overview and Level Annotations

Branches:
Dungeon (4/15)
 Temple: D:4-7

Altars:
Xom


Innate Abilities, Weirdness & Mutations

You cannot wear most types of armour.
You are amphibious.
You can wear up to eight rings at the same time.
You can use your tentacles to constrict eight enemies at once.
Your skin changes colour to match your surroundings (Stealth).
Your rubbery body absorbs attacks (AC +1).


Message History

You finish eating.
That royal jelly was delicious!
You start resting.
Your transformation is almost over.
You start resting.
Your tentacle spike disappears.
You regained 2 hp, and now have 27/38 hp.
Things that are here:
16 stones; a kobold corpse You see here a stone.
Things that are here:
6 stones; a kobold corpse You now have 210 gold pieces (gained 8).
You open the door.
There is an open door here.
You open the door.
A giant cockroach comes into view.
You regained 8 hp, and now have 35/38 hp.
There is an open door here.
The helpless giant cockroach fails to defend itself.
You tentacle-slap the giant cockroach. Your grab misses the giant cockroach.
The giant cockroach misses you.
You closely miss the giant cockroach. You grab the giant cockroach.
You constrict the giant cockroach.
The giant cockroach bites you but does no damage.
You barely miss the giant cockroach. You constrict the giant cockroach.
The giant cockroach closely misses you.
You tentacle-slap the giant cockroach but do no damage.
You squeeze the giant cockroach.
You kill the giant cockroach!
You open the door.
There is an open door here.
A phantom comes into view.
The phantom blinks!
Health restored: 38 One of your tentacles grows a vicious spike.
The phantom blinks!
You now have 8/9 mp.
You closely miss the phantom.
Your tentacle-slap misses the phantom.
The phantom closely misses you.
You completely miss the phantom.
Your tentacle spike misses the phantom.
The phantom hits you!
The phantom blinks!
You take 10 damage, and have 28/38 hp.
MASSIVE DAMAGE!!
The phantom blinks!
MP restored: 9 The hound appears out of thin air!
A hound comes into view.
You open the door.
The goblin shouts!
There is an open door here.
Your transformation is almost over.
The phantom blinks!
Your tentacle spike disappears.
A goblin opens the door.
There is a stone staircase leading up here.
You see here 8 stones.
The phantom blinks!
You climb upwards.
There is a stone staircase leading down here.
You climb downwards.
The ogre shouts!
There is a stone staircase leading up here.
You see here 8 stones.
The phantom hits you.
The phantom blinks!
You climb upwards.
There is a stone staircase leading down here.
You take 4 damage, and have 31/38 hp.
You climb downwards.
The phantom blinks!
There is a stone staircase leading up here.
You see here 8 stones.
One of your tentacles grows a vicious spike.
The ogre hits you with a giant spiked club!
You take 14 damage, and have 18/38 hp.
MASSIVE DAMAGE!!
You now have 8/9 mp.
Items here: ( )) †† 24 stones; a club; a club; a kobold corpse; a kobold corpse You see here a stone.
Your transformation is almost over.
MP restored: 9 You completely miss the phantom.
The phantom hits you.
You take 5 damage, and have 14/38 hp.
You completely miss the phantom.
Your tentacle spike misses the phantom.
The phantom hits you.
* * * LOW HITPOINT WARNING * * *
You take 4 damage, and have 10/38 hp.
You closely miss the phantom. The phantom misses you.
You barely miss the phantom. You squeeze the phantom.
The phantom barely misses you.
You tentacle-slap the phantom. You squeeze the phantom. The phantom hits you.
* * * LOW HITPOINT WARNING * * *
You take 5 damage, and have 5/38 hp.
You tentacle-slap the phantom but do no damage.
Your tentacle spike misses the phantom.
You barely miss the phantom. You squeeze the phantom. The phantom misses you.
You tentacle-slap the phantom.
You pierce the phantom, but do no damage.
Your tentacle spike disappears.
The phantom hits you.
You die...

##.#####.##.#.#####.<((.......
...................().........
....####..#....#..((#...#..#.O
...............(.(....(.......
..............................
.≈≈..≈≈......≈≈.≈≈≈.≈(.≈≈≈≈≈..
≈≈≈≈≈≈≈≈≈....(≈≈O≈≈≈(((≈≈≈≈≈≈≈
≈≈≈≈≈≈≈≈≈....≈≈≈≈≈≈≈≈(≈≈≈≈≈≈≈≈
≈≈≈≈≈≈≈≈......≈≈@W≈≈≈≈≈≈≈≈≈≈≈≈
##########''##################
#.... #.. #..


You could see a phantom and an ogre.

Vanquished Creatures
  An ogre (D:4)
  A giant frog skeleton (D:4)
  An orc priest (D:3)
  A hound (D:4)
  8 adders
  3 worms
  3 giant geckos
  5 orcs
  7 giant cockroaches
  4 hobgoblins
  12 kobolds
  A quokka (D:2)
  A ball python (D:1)
  7 bats
  5 giant newts
  9 goblins
  8 rats
77 creatures vanquished.

Notes
Turn   | Place    | Note
--------------------------------------------------------------
     0 | D:1      | Raultor the Octopode Transmuter began the quest for the Orb.
     0 | D:1      | Reached XP level 1. HP: 13/13 MP: 3/3
   468 | D:1      | Reached XP level 2. HP: 15/18 MP: 5/5
   618 | D:1      | Reached skill level 3 in Transmutations
  1215 | D:2      | Reached XP level 3. HP: 16/23 MP: 6/6
  1430 | D:2      | Found a shimmering altar of Xom.
  1430 | D:2      | Found a shimmering altar of Xom.
  1431 | D:2      | Found a shimmering altar of Xom.
  2094 | D:2      | Reached skill level 4 in Transmutations
  2167 | D:2      | Reached XP level 4. HP: 21/28 MP: 5/7
  2330 | D:2      | Learned a level 4 spell: Ice Form
  2384 | D:2      | Reached skill level 1 in Ice Magic
  2392 | D:2      | Found a shimmering altar of Xom.
  3304 | D:3      | Reached skill level 2 in Ice Magic
  3493 | D:3      | HP: 7/28 [poisoned by an adder]
  3831 | D:3      | Reached XP level 5. HP: 12/33 MP: 6/8
  3835 | D:3      | HP: 2/33 [orc priest/divine providence (10)]
  3844 | D:3      | Reached skill level 3 in Ice Magic
  4044 | D:4      | Noticed an ogre
  4259 | D:4      | Reached skill level 4 in Ice Magic
  4259 | D:4      | Reached XP level 6. HP: 25/38 MP: 9/9
  4474 | D:4      | HP: 7/38 [ogre/giant club (19)]
  4995 | D:4      | HP: 5/38 [phantom (5)]
  5000 | D:4      | Slain by a phantom

Vault maps used:
D:1:      lightli_arrival_lavapool
D:2:      xom_redecorated, serial_bayou_pond_e
D:3:      serial_curves, eino_curves_01, eino_curves_01, hex_large,
          serial_bayou_pond_e
D:4:      minmay_goblin_kobold_castle, kennysheep_small_spiral

Action                   |  1- 3 |  4- 6 || total
-------------------------+-------+-------++-------
Melee: Unarmed           |    86 |   130 ||   216
 Cast: Beastly Appendage |     1 |    11 ||    12
  Use: Potion            |       |     3 ||     3
 Stab: Sleeping          |     8 |     4 ||    12
       Distracted        |     1 |       ||     1
  Eat: Chunk             |     4 |     7 ||    11
       Royal jelly       |       |     1 ||     1

Vault maps used:
D:1:      lightli_arrival_lavapool
D:2:      xom_redecorated, serial_bayou_pond_e
D:3:      serial_curves, eino_curves_01, eino_curves_01, hex_large,
          serial_bayou_pond_e
D:4:      minmay_goblin_kobold_castle, kennysheep_small_spiral

Table legend:
 A = Turns spent in this place as a percentage of turns spent in the entire game.
 B = Non-inter-level travel turns spent in this place as a percentage of non-inter-level travel turns spent in the entire game.
 C = Inter-level travel turns spent in this place as a percentage of turns spent in this place.
 D = Turns resting spent in this place as a percentage of non-inter-level travel turns spent in this place.
 E = Turns spent auto-exploring this place as a percentage of non-inter-level travel turns spent in this place.
 F = Non-inter-level travel turns spent in this place divided by the number of levels of this place that you've seen.
                   A       B       C       D       E      F
               +-------+-------+-------+-------+-------+----------------------
         Total | 100.0 | 100.0 |   0.6 |   5.2 |  12.4 | 235.8
       Dungeon | 100.0 | 100.0 |   0.6 |   5.2 |  12.4 | 235.8
               +-------+-------+-------+-------+-------+----------------------

Table legend:
 A = Kills in this place as a percentage of kills in entire the game.
 B = Kills by you in this place as a percentage of kills by you in the entire game.
 C = Kills by friends in this place as a percentage of kills by friends in the entire game.
 D = Other kills in this place as a percentage of other kills in the entire game.
 E = Experience gained in this place as a percentage of experience gained in the entire game.
 F = Experience gained in this place divided by the number of levels of this place that you have seen.
                   A       B       C       D       E      F
               +-------+-------+-------+-------+-------+----------------------
         Total | 100.0 | 100.0 |  -nan |  -nan | 100.0 | 117.8
       Dungeon | 100.0 | 100.0 |  -nan |  -nan | 100.0 | 117.8
               +-------+-------+-------+-------+-------+----------------------
